 Dungeon Crawl Stone Soup version 0.30.0-5-g1a98f26d00 (webtiles) character file.

Game seed: 3696081530685999824

275280 browni3141 the Marksmeteoran (level 21, -31/199 HPs)
             Began as a Meteoran Hexslinger on May 8, 2023.
             Was a High Priest of Ashenzari.
             Killed from afar by an orb of fire (55 damage)
             ... with a fireball
             ... on level 2 of the Realm of Zot.
             The game lasted 03:04:02 (17364 turns).

browni3141 the Marksmeteoran (Meteoran Hexslinger) Turns: 17364, Time: 03:04:02

Health: -31/199    AC: 16    Str: 13    XL:     21   Next: 55%
Magic:  46/48      EV: 28    Int: 19    God:    Ashenzari [*****.]
Gold:   1822       SH:  0    Dex: 24    Spells: 3/46 levels left

rFire   . . .        G - +3 longbow (heavy)
rCold   + . .        (shield currently unavailable)
rNeg    + + .        v - +0 acid dragon scales "Oblivion of Ashenzari" {rCorr, Melee, Fort} (curse)
rPois   +            Q - +2 helmet "I Knew You'd Do That" {Range, Comp} (curse)
rElec   .            k - scarf of the Fated Suspicion {harm, MP+9 Int+2, Evo, Cun} (curse)
rCorr   +            f - +0 pair of gloves of the Cryptic Secrets {Comp, Fort} (curse)
SInv    +            K - +2 pair of boots of Ashenzari's Blue Moon {Fly, Evo, Self} (curse)
Will    ++...        o - amulet "Enlightened Anarchy" {Regen+, Self, Alch} (curse)
Stlth   +++          r - ring of Toth-Mos's Legacy {rPois rN++, Self, Range} (curse)
HPRegen 1.33/turn    w - ring "Per Aspera Ad Scientiam" {Slay+4, Bglg, Evo} (curse)
MPRegen 0.31/turn

%: harm (+30% outgoing, +20% incoming), clarity
@: portalling projectiles, flying, glowing, studying 2 skills
A: sense surroundings 3, otherworldly, glowing, explore regen, clarity, cold
resistance 1
}: 3/15 runes: decaying, slimy, gossamer
a: Renounce Religion, Curse Item, Shatter the Chains


You were on level 2 of the Realm of Zot.
You worshipped Ashenzari.
Ashenzari was extremely pleased with you.
You visited 8 branches of the dungeon, and saw 41 of its levels.
You also visited: Sewer, Gauntlet, Ice Cave and Volcano.

You collected 3452 gold pieces.
You spent 1630 gold pieces at shops.

Inventory:

Hand Weapons
 G - a +3 heavy longbow (weapon)
Missiles
 J - 8 curare-tipped darts
 Z - 3 throwing nets
Armour
 a - a +3 leather armour of fire resistance
 f - the cursed +0 pair of gloves of the Cryptic Secrets (worn) {Comp, Fort}
   (You found it on level 2 of the Lair of Beasts)

   It has a curse which improves the following skills: Companions: Summonings
   and Necromancy.
   Fortitude: Armour and Shields.
 k - the cursed scarf of the Fated Suspicion (worn) {harm, MP+9 Int+2, Evo, Cun}
   (You found it on level 10 of the Dungeon)

   Int:       It affects your intelligence (+2).
   MP:        It affects your magic capacity (+9).
   It has a curse which improves the following skills: Evocations: Evocations.
   Cunning:   Dodging and Stealth.
 l - +0 fire dragon scales
 u - a +0 hat of willpower
 v - the cursed +0 acid dragon scales "Oblivion of Ashenzari" (worn) {rCorr, Melee, Fort}
   (You took it off Maggie on level 7 of the Dungeon)

   rCorr:     It protects you from acid and corrosion.
   It has a curse which improves the following skills: Melee Combat: Short
   Blades, Long Blades, Axes, Maces & Flails, Polearms, Staves and Unarmed
   Combat.
   Fortitude: Armour and Shields.
 K - the cursed +2 pair of boots of Ashenzari's Blue Moon (worn) {Fly, Evo, Self}
   (You found it in a Gauntlet)

   It has a curse which improves the following skills: Evocations: Evocations.
   Introspection: Fighting and Spellcasting.
 Q - the cursed +2 helmet "I Knew You'd Do That" (worn) {Range, Comp}
   (You took it off Robin on level 3 of the Dungeon)

   It has a curse which improves the following skills: Ranged Combat: Ranged
   Weapons and Throwing.
   Companions: Summonings and Necromancy.
 T - a +2 cloak of cold resistance
 Y - a +2 pair of gloves
Jewellery
 e - the ring "Geapue Tuuwo" {rPois rC- rCorr MP+9 Dex+6}
   (You found it on level 5 of the Pits of Slime)

   [ring of dexterity]

   Dex:       It affects your dexterity (+6).
   rC:        It makes you vulnerable to cold.
   rPois:     It protects you from poison.
   MP:        It affects your magic capacity (+9).
   rCorr:     It protects you from acid and corrosion.
 o - the cursed amulet "Enlightened Anarchy" (around neck) {Regen+, Self, Alch}
   (You found it on level 2 of the Spider Nest)

   [amulet of regeneration]

   Regen:     It increases your rate of health regeneration.
   It has a curse which improves the following skills: Introspection: Fighting
   and Spellcasting.
   Alchemy:   Poison Magic and Transmutations.
 r - the cursed ring of Toth-Mos's Legacy (left hand) {rPois rN++, Self, Range}
   (You found it in a Gauntlet)

   [ring of poison resistance]

   rPois:     It protects you from poison.
   rN:        It greatly protects you from negative energy.
   It has a curse which improves the following skills: Introspection: Fighting
   and Spellcasting.
   Ranged Combat: Ranged Weapons and Throwing.
 w - the cursed ring "Per Aspera Ad Scientiam" (right hand) {Slay+4, Bglg, Evo}
   (You found it on level 4 of the Spider Nest)

   [ring of slaying]

   Slay:      It affects your accuracy & damage with ranged weapons and melee
   (+4).
   It has a curse which improves the following skills: Beguiling: Conjurations,
   Hexes and Translocations.
   Evocations: Evocations.
Wands
 n - a wand of roots (7)
 A - a wand of quicksilver (14)
 B - a wand of digging (6)
 P - a wand of paralysis (26)
 R - a wand of mindburst (37)
 V - a wand of flame (62)
Scrolls
 b - 2 scrolls of torment
 d - 8 scrolls of teleportation
 g - 4 scrolls of blinking
 q - 5 scrolls of magic mapping
 x - 6 scrolls of enchant armour
 z - 3 scrolls of silence
 F - 9 scrolls of fog
 N - 4 scrolls of immolation
 O - 3 scrolls of fear
 W - 3 scrolls of vulnerability
 X - 4 scrolls of poison
Potions
 c - a potion of cancellation
 h - 5 potions of haste
 m - 7 potions of magic
 t - 4 potions of brilliance
 C - 12 potions of curing
 D - 9 potions of mutation
 H - 5 potions of heal wounds
 I - 7 potions of attraction
 L - 5 potions of lignification
 M - 5 potions of might
 S - 5 potions of ambrosia
 U - a potion of resistance
Miscellaneous
 i - a box of beasts
 j - a phial of floods (inert)
 p - a phantom mirror
 y - a lightning rod (4/4)


   Skills:
 - Level 15.5(19.6) Fighting
 - Level 18.3(21.2) Ranged Weapons
 - Level 5.7(8.9) Armour
 - Level 18.0(20.0) Dodging
 - Level 12.4(14.5) Stealth
 - Level 5.0(8.0) Shields
 - Level 8.8(13.0) Spellcasting
 * Level 11.5(13.6) Hexes
 * Level 14.2(16.2) Translocations
 - Level 3.0 Fire Magic
 - Level 5.0 Earth Magic
 - Level 13.1(17.2) Evocations


You had 3 spell levels left.
You knew the following spells:

 Your Spells              Type           Power      Damage    Failure   Level
a - Cause Fear            Hex            29%        N/A       1%          4
b - Leda's Liquefaction   Hex/Erth       23%        N/A       1%          4
c - Dispersal             Tloc           32%        N/A       1%          6
d - Silence               Hex/Air        19%        N/A       13%         5
e - Yara's Violent Unrav  Hex/Tmut       19%        3d9       12%         5
f - Enfeeble              Hex            29%        N/A       24%         7
i - Inner Flame           Hex/Fire       43%        N/A       1%          3
p - Portal Projectile     Hex/Tloc       100%       N/A       1%          3
t - Teleport Other        Tloc           65%        N/A       1%          3
B - Blink                 Tloc           100%       N/A       0%          2
S - Slow                  Hex            100%       N/A       1%          1

Your spell library contained the following spells:

 Spells                   Type           Power      Damage    Failure   Level
 Lesser Beckoning         Tloc           100%       N/A       0%          2
 Ensorcelled Hibernation  Hex/Ice        76%        N/A       1%          2
 Momentum Strike          Conj/Tloc      86%        3d10      1%          2
 Dazzling Flash           Conj/Hex       76%        N/A       1%          3
 Passwall                 Tmut/Erth      18%        N/A       3%          2
 Summon Small Mammal      Summ           52%        N/A       6%          1
 Stone Arrow              Conj/Erth      44%        3d9       8%          3
 Swiftness                Air            12%        N/A       22%         3
 Manifold Assault         Tloc           65%        N/A       1%          4
 Anguish                  Hex/Necr       19%        N/A       4%          4
 Animate Armour           Summ/Erth      44%        N/A       24%         4
 Lee's Rapid Deconstruct  Erth           15%        3d10*     26%         5
 Disjunction              Tloc           32%        N/A       52%         8
 Airstrike                Air            6%         2d(1-17)  58%         4
 Fireball                 Conj/Fire      9%         3d6       71%         5
 Agony                    Necr           13%        N/A       86%         5
 Iskenderun's Battlesphe  Conj           13%        2d7       88%         5
 Iron Shot                Conj/Erth      11%        9d3       98%         6
 Statue Form              Tmut/Erth      14%        N/A       98%         6
 Spellforged Servitor     Conj/Summ      6%         N/A       100%        7
 Summon Hydra             Summ           6%         N/A       100%        7
 Lehudib's Crystal Spear  Conj/Erth      11%        10d4      100%        8
 Dragon's Call            Summ           6%         N/A       100%        9


Dungeon Overview and Level Annotations

Branches:
Dungeon (15/15) Zot: 2185  Temple (0/1) D:6            Lair (5/5) D:10 Zot: 433
  Swamp (4/4) Lair:2 Zot: 632  Spider (4/4) Lair:2 Zot: 4   Slime (5/5) Lair:4 Zot: 2426
    Orc (2/2) D:11 Zot: 405     Elf (0/3) Orc:2        Depths (4/4) D:15 Zot: 1528
    Zot (2/5) Depths:4 Zot: 1060   Sewer (visited)           IceCv (visited)
Volcano (visited)         Gauntlet (visited)
 Vaults: D:13-14

Altars:
Ashenzari
Cheibriados
Gozag
Nemelex Xobeh
Sif Muna
Trog
Yredelemnul
Zin
Jiyva
Lugonu

Shops:
D:4 *   D:6 ?   Orc:2 ??   Depths:2 ![

Portals:
Hell: Depths:1 Depths:4
Ziggurat: Depths:1

Annotations:
D:4 1 runed translucent door, eppigd's ghost, novice FoHs
D:6 3 runed translucent doors, LobsterGuardian's ghost, novice DsGl
Spider:3 1 runed translucent door, zlionsfan's ghost, adept TeMo
Depths:2 1 transporter, Lemeg's ghost, adept TrMo
Depths:4 1 runed translucent door


Innate Abilities, Weirdness & Mutations

You passively map a large area around you.
You are easily found by Zot.
You glow in the dark.
You regain HP and MP as you explore.
You possess an exceptional clarity of mind.
Your flesh is cold resistant. (rC+)


Message History

Press: ? - help, Q - select action, (/) - cycle Shift-Dir - straight line, f/p - black draconian knight
Aim: a black draconian knight, wielding a +2 dire flail and wearing a +0 cloak of poison resistance (heavily wounded, slightly transparent, 75% to hit)
You shoot an arrow.
The arrow hits the black draconian knight!!!
The black draconian knight is almost dead.
The black draconian knight points at you and mumbles some strange words.
The bolt of cold hits you! You resist.
Casting: Cause Fear (safe; 1% risk of failure)
Confirm with . or Enter, or press ? or * to list all spells.
Casting: Cause Fear (safe; 1% risk of failure)
Press: ? - help, Dir - look around, f - activate The black draconian knight resists with some effort.
The black draconian knight breathes lightning at you.
The bolt of lightning misses you. x2
You hear a deafening roar!
Casting: Cause Fear (safe; 1% risk of failure)
Confirm with . or Enter, or press ? or * to list all spells.
Casting: Cause Fear (safe; 1% risk of failure)
Press: ? - help, Dir - look around, f - activate The black draconian knight looks frightened!
Fire: G) +3 longbow (heavy)
Press: ? - help, Q - select action, (/) - cycle Shift-Dir - straight line, f - black draconian knight
Aim: a black draconian knight, wielding a +2 dire flail and wearing a +0 cloak of poison resistance (almost dead, slightly transparent, fleeing, catching its breath, 75% to hit)
You shoot an arrow.
The arrow completely misses the black draconian knight.
Fire: G) +3 longbow (heavy)
Press: ? - help, Q - select action, (/) - cycle Shift-Dir - straight line, f/p - black draconian knight
Aim: a black draconian knight, wielding a +2 dire flail and wearing a +0 cloak of poison resistance (almost dead, slightly transparent, fleeing, catching its breath, 75% to hit)
You shoot an arrow.
The arrow hits the black draconian knight!!!
You kill the black draconian knight!
Things that are here:
a +1 long sword of draining; a green draconian corpse
Things that are here:
a +0 whip; a +0 cloak; a purple draconian corpse
Items here: ))) [ ††.
Okay, then.
Found a stone staircase leading down.
A moth of wrath comes into view.
You shoot an arrow.
The moth of wrath's fur bristles in rage as it notices you.
The arrow hits the moth of wrath!
The moth of wrath is moderately wounded.
You shoot an arrow. The arrow hits the moth of wrath!!!
You kill the moth of wrath!
There is a stone staircase leading down here.
Casting: Cause Fear (safe; 1% risk of failure)
Confirm with . or Enter, or press ? or * to list all spells.
You begin teleporting projectiles to their destination.
You fly downwards.
Magic restored.
There is a stone staircase leading up here.
You magically shoot an arrow.
The arrow hits the orb of fire!
The orb of fire is lightly damaged.
You magically shoot an arrow.
The arrow hits the orb of fire!
The orb of fire is lightly damaged.
The orb of fire emits a lurid red light.
The fireball explodes!
The fireball engulfs you!!
The fireball engulfs the orb of fire.
The orb of fire completely resists.
Aim the phial where?
Press: ? - help, Shift-Dir - straight line, f/p - orb of fire
Aim: an orb of fire (lightly damaged)
The torrent of water hits the orb of fire!
The orb of fire is moderately damaged.
The orb of fire is knocked back by the torrent of water.
The wave splashes down.
You magically shoot an arrow.
The arrow closely misses the orb of fire.
The orb of fire glows bright magenta.
Strange energies course through your body.
Your rate of healing slows.
You magically shoot an arrow.
The arrow closely misses the orb of fire.
You magically shoot an arrow.
The arrow hits the orb of fire!!
The orb of fire is heavily damaged.
You magically shoot an arrow.
The arrow hits the orb of fire but does no damage.
The orb of fire is heavily damaged.
You magically shoot an arrow.
The arrow hits the orb of fire!!
The orb of fire is severely damaged.
The orb of fire emits a lurid red light.
The fireball explodes!
The fireball engulfs you!!
The fireball engulfs the orb of fire.
The orb of fire completely resists.
The orb of fire glows bright magenta.
The fireball explodes!
The fireball engulfs you!!!!
* * * LOW HITPOINT WARNING * * *
The fireball engulfs the orb of fire.
The orb of fire completely resists.
Unknown command.
Casting: Portal Projectile (safe; 1% risk of failure)
Confirm with . or Enter, or press ? or * to list all spells.
You blink.
Unknown command.
Casting: Blink (safe; 0% risk of failure)
Confirm with . or Enter, or press ? or * to list all spells.
You blink.
The orb of fire glows deep purple.
The fireball explodes!
The fireball engulfs you!!!
* * * LOW HITPOINT WARNING * * *
The orb of fire glows bright magenta.
The fireball explodes!
The fireball engulfs you!!!
You die...

*,,, ,* ,,,
, , * , ,,
,,,,,,,* *
* * ,
,*,,,. **,
, , .. ,, *
, ,, * ...
,, ,
#####+#....
, ** *
#.......# *
** *,,
#.......# ,
, #..@....#
,,,
#.......# *
, #.......#
,, ,
#.......# ,
, #.~~~~~.#
,,,
#.~~§§§§#
*, ,
#.~~§*~.# ,
#########
*****


You could see an orb of fire.

Vanquished Creatures
  the Royal Jelly (Slime:5)
  Arachne (Spider:3)
  3 tentacled monstrosities
  A lich (Depths:3)
  Mlioglotl (Spider:4)
  The ghost of browni3141 the Marksmeteoran, an adept MeHs of Okawaru (Swamp:4)
  9 acid blobs
  Donald (Spider:1)
  Kirke (D:13)
  A thorn hunter (Swamp:4)
  A shadow dragon (Depths:1)
  A draconian knight (Zot:1)
  7 emperor scorpions
  8 rockslimes
  Roxanne (Spider:3)
  A daeva (Depths:4)
  6 frost giants
  3 fire giants
  7 azure jellies (Slime:5)
  4 ghost moths
  An orc warlord (Orc:1)
  2 ghouls (Swamp:4)
  A broodmother (Spider:3)
  A draconian shifter (Zot:1)
  4 quicksilver oozes
  2 draconian annihilators
  3 stone giants
  A green draconian (Zot:1)
  3 dire elephants
  4 eleionomae
  A black draconian (Depths:4)
  4 white draconians
  2 purple draconians (Zot:1)
  4 bunyips
  3 red draconians
  A minotaur (Gauntlet)
  3 yellow draconians
  2 spark wasps
  2 ettins
  6 fire dragons
  3 great orbs of eyes (Slime:4)
  A shambling mangrove (Swamp:3)
  6 ice dragons
  2 centaur warriors (D:13)
  4 ironbound frosthearts (IceCv)
  A rakshasa (Depths:2)
  3 catoblepae (Lair:5)
  14 hydras
  4 radroaches
  A spriggan air mage (Depths:1)
  A ghost crab (Swamp:4)
  7 alligators
  7 boulder beetles
  2 jorogumos
  5 death yaks (Lair:5)
  4 tengu warriors
  2 two-headed ogres
  4 deep troll shamans
  A vampire mage (Depths:2)
  Sonja (Lair:5)
  4 deep troll earth magi
  3 hell knights
  A spriggan berserker (Depths:1)
  4 iron trolls
  Urug (Lair:5)
  8 spriggans
  A sun demon (D:13)
  2 soul eaters (D:13)
  2 fire crabs (Swamp:4)
  A skyshark (Lair:2)
  2 sixfirhies
  9 deep trolls
  2 pharaoh ants
  14 swamp dragons
  3 goliath frogs
  7 steelbarb worms
  7 spriggan druids
  An orange crystal statue (IceCv)
  9 orb spiders
  6 bog bodies
  A glowing orange brain (Depths:4)
  A wizard (Depths:2)
  3 orc knights
  2 necromancers (Depths:2)
  4 manticores
  16 ugly things
  An orc sorcerer (Orc:1)
  6 elephants (Lair:5)
  4 moths of wrath
  5 salamanders (Volcano)
  10 wolf spiders
  3 shining eyes
  5 will-o-the-wisps
  3 cyclopes
  4 demonic crawlers
  2 ice statues (Swamp:2)
  4 black mambas
  Maurice (D:9)
  3 eyes of devastation
  5 molten gargoyles (Volcano)
  A rust devil (D:13)
  5 gargoyles
  2 torpor snails
  2 unseen horrors
  9 cane toads
  19 rime drakes
  Maggie (D:7)
  6 komodo dragons
  2 tengu conjurers
  3 hellwings
  4 meliai
  5 trolls
  18 polar bears
  5 hornets
  7 blink frogs
  14 tyrant leeches
  18 tarantellas
  Grinder (D:4)
  23 slime creatures
  A spriggan (shapeshifter) (D:14)
  3 dream sheep (Lair:5)
  43 yaks
  33 jumping spiders
  13 culicivoras
  A vampire (D:12)
  A basilisk (Lair:4)
  11 golden eyes
  5 wyverns
  2 chaos spawn (D:13)
  9 vampire mosquitoes
  55 redbacks
  2 wargs (D:11)
  2 steam dragons
  A swamp worm (shapeshifter) (Depths:2)
  25 swamp worms
  An acid dragon (D:11)
  15 water moccasins
  2 black bears
  25 orc warriors
  An ice beast (D:7)
  2 sky beasts
  11 swamp drakes (Swamp:4)
  7 ogres
  16 wolves
  12 centaurs
  4 kobold brigands
  4 bullfrogs
  2 gnoll sergeants
  A wyvern zombie (D:6)
  7 wights
  11 killer bees
  2 howler monkeys
  An electric eel (Spider:2)
  A lava snake (Swamp:4)
  3 gnoll boudas
  2 hounds
  23 orc priests
  3 jellies
  Jessica (D:2)
  6 iguanas
  Natasha (thrice) (D:4)
  Terence (D:2)
  22 orc wizards
  A howler monkey zombie (D:6)
  Robin (D:3)
  18 gnolls
  11 adders
  4 river rats
  2 white imps
  An ufetubus (D:5)
  2 dart slugs
  86 orcs
  10 ball pythons
  12 endoplasms
  6 giant cockroaches
  17 goblins
  10 hobgoblins
  4 jackals (D:1)
  26 kobolds
  3 bats
  13 frilled lizards
  16 rats
1136 creatures vanquished.

Vanquished Creatures (collateral kills)
  A swamp dragon (Swamp:4)
  A jumping spider (Spider:3)
  A redback (Spider:3)
3 creatures vanquished.

Vanquished Creatures (others)
  An eleionoma (Swamp:4)
  A hydra (Swamp:4)
  A spriggan (Swamp:4)
  A swamp dragon (Swamp:4)
  A lindwurm (Swamp:4)
  A hornet (Swamp:4)
  A steam dragon (Swamp:4)
  A swamp worm (Swamp:4)
  3 swamp drakes (Swamp:4)
  A sky beast (D:7)
  26 foxfires
38 creatures vanquished.

Grand Total: 1177 creatures vanquished

Notes
Turn   | Place    | Note
-------+----------+-------------------------------------------
     0 | D:1      | browni3141 the Meteoran Hexslinger began the quest for the
                  | Orb.
     0 | D:1      | Reached XP level 1. HP: 16/16 MP: 3/3
    46 | D:1      | Reached XP level 2. HP: 19/24 MP: 5/5
   130 | D:1      | Found a faded altar of an unknown god.
   231 | D:1      | Reached skill level 3 in Ranged Weapons
   231 | D:1      | Reached XP level 3. HP: 29/29 MP: 6/6
   379 | D:1      | Reached XP level 4. HP: 30/36 MP: 7/7
   398 | D:2      | Noticed Jessica
   538 | D:2      | Killed Jessica
   636 | D:2      | Reached XP level 5. HP: 25/41 MP: 8/8
   837 | D:2      | You fall into a shaft and drop 1 floor!
   973 | D:2      | Noticed Terence
   980 | D:2      | Killed Terence
   981 | D:2      | Reached skill level 3 in Evocations
  1003 | D:2      | Reached XP level 6. HP: 13/48 MP: 9/9
  1328 | D:3      | Learned a level 3 spell: Inner Flame
  1332 | D:3      | Learned a level 3 spell: Portal Projectile
  1464 | D:4      | Found a runed translucent door.
  1465 | D:4      | Noticed eppigd's ghost (novice FoHs)
  1515 | D:4      | Noticed Robin
  1536 | D:3      | Killed Robin
  1601 | D:4      | Noticed Natasha
  1611 | D:4      | Killed Natasha
  1675 | D:4      | Reached XP level 7. HP: 44/55 MP: 2/11
  1677 | D:4      | Noticed Grinder
  1696 | D:4      | Reached skill level 3 in Dodging
  1707 | D:4      | Killed Grinder
  1708 | D:4      | Reached skill level 3 in Spellcasting
  1708 | D:4      | Reached skill level 3 in Fire Magic
  1827 | D:4      | Noticed Natasha
  1836 | D:4      | Killed Natasha
  1854 | D:4      | Found Xaebbiot's General Store.
  1868 | D:5      | Entered Level 5 of the Dungeon
  1889 | D:4      | Noticed Natasha
  1914 | D:4      | Killed Natasha
  1915 | D:4      | Reached XP level 8. HP: 46/61 MP: 3/13
  1920 | D:4      | Reached skill level 3 in Translocations
  1952 | D:5      | Reached skill level 3 in Shields
  2116 | D:5      | Found a broken altar of Ashenzari.
  2125 | D:5      | Became a worshipper of Ashenzari the Shackled
  2210 | D:5      | Found a snail-covered altar of Cheibriados.
  2581 | D:6      | Found a glowing drain.
  2603 | Sewer    | Entered a sewer
  2886 | Sewer    | Reached skill level 3 in Fighting
  3025 | Sewer    | Glimpsed the power of Zot.
  3064 | Sewer    | Glimpsed the power of Zot.
  3118 | D:6      | Gained mutation: You passively map the area around you.
                  | [Meteoran growth]
  3118 | D:6      | Reached XP level 9. HP: 69/69 MP: 14/14
  3167 | D:6      | Found a staircase to the Ecumenical Temple.
  3397 | D:6      | Found a runed translucent gate.
  3397 | D:6      | Found a runed translucent gate.
  3397 | D:6      | Found a runed translucent gate.
  3397 | D:6      | Noticed LobsterGuardian's ghost (novice DsGl)
  3399 | D:6      | Found a basalt altar of Yredelemnul.
  3411 | D:6      | Reached skill level 6 in Ranged Weapons
  3495 | D:6      | Reached * piety under Ashenzari
  3568 | D:6      | Found The Oracle's Delphic Readings.
  3572 | D:6      | Bought a scroll of fog for 44 gold pieces
  3572 | D:6      | Bought a scroll of immolation for 44 gold pieces
  3595 | D:6      | HP: 2/71 [orc priest/divine providence (15)]
  3798 | D:7      | Found a shimmering blue altar of Sif Muna.
  3951 | D:6      | Reached ** piety under Ashenzari
  3962 | D:7      | Reached XP level 10. HP: 40/78 MP: 4/16
  4035 | D:6      | Found an opulent altar of Gozag.
  4270 | D:7      | Noticed a gargoyle
  4295 | D:7      | Killed a gargoyle
  4443 | D:8      | Reached skill level 6 in Dodging
  4460 | D:8      | Reached skill level 9 in Ranged Weapons
  4607 | D:8      | Reached skill level 6 in Evocations
  4640 | D:7      | Noticed Maggie
  4650 | D:7      | Killed Maggie
  4934 | D:9      | Noticed a two-headed ogre
  4936 | D:9      | Learned a level 4 spell: Cause Fear
  4949 | D:9      | Killed a two-headed ogre
  4950 | D:9      | Reached skill level 3 in Armour
  4950 | D:9      | Reached XP level 11. HP: 76/84 MP: 7/19
  4977 | D:9      | Reached *** piety under Ashenzari
  5379 | D:9      | Reached **** piety under Ashenzari
  5449 | D:9      | Noticed Maurice
  5470 | D:9      | Killed Maurice
  5618 | D:10     | Entered Level 10 of the Dungeon
  5657 | D:10     | Found a staircase to the Lair.
  5838 | D:10     | Found a sparkling altar of Nemelex Xobeh.
  5880 | D:10     | Identified the scarf of Stoicism {harm, MP+9 Int+2}
  6069 | D:11     | Noticed a manticore
  6084 | D:11     | Killed a manticore
  6085 | D:11     | Reached skill level 12 in Ranged Weapons
  6137 | D:11     | Found a staircase to the Orcish Mines.
  6152 | Orc:1    | Entered Level 1 of the Orcish Mines
  6172 | Orc:1    | Noticed an orc sorcerer
  6172 | Orc:1    | Noticed an orc warlord
  6177 | Orc:1    | Killed an orc sorcerer
  6178 | Orc:1    | Reached XP level 12. HP: 100/101 MP: 23/23
  6199 | Orc:1    | Killed an orc warlord
  6238 | Orc:1    | Reached ***** piety under Ashenzari
  6391 | Orc:2    | Entered Level 2 of the Orcish Mines
  6608 | Orc:2    | Reached skill level 6 in Fighting
  6652 | Orc:2    | Noticed an orc knight
  6667 | Orc:2    | Killed an orc knight
  6818 | Orc:2    | Found a staircase to the Elven Halls.
  6892 | Orc:2    | Found Vuttyqu's Magic Scroll Emporium.
  6894 | Orc:2    | Noticed an orc knight
  6908 | Orc:2    | Killed an orc knight
  6922 | Orc:2    | Found Tikus's Magic Scroll Shoppe.
  6976 | Orc:2    | Bought a scroll of blinking for 105 gold pieces
  6976 | Orc:2    | Bought a scroll of fog for 56 gold pieces
  6976 | Orc:2    | Bought a scroll of magic mapping for 105 gold pieces
  6978 | Orc:2    | Bought a scroll of fog for 64 gold pieces
  6978 | Orc:2    | Bought a scroll of teleportation for 48 gold pieces
  6978 | Orc:2    | Bought a scroll of blinking for 120 gold pieces
  6978 | Orc:2    | Bought a scroll of summoning for 152 gold pieces
  6978 | Orc:2    | Bought a scroll of fog for 64 gold pieces
  6978 | Orc:2    | Bought a scroll of enchant armour for 120 gold pieces
  6978 | Orc:2    | Bought a scroll of enchant armour for 120 gold pieces
  7270 | D:11     | Noticed an eight-headed hydra
  7278 | D:11     | Killed an eight-headed hydra
  7279 | D:11     | Reached XP level 13. HP: 92/113 MP: 19/26
  7327 | D:11     | Reached skill level 9 in Dodging
  7335 | D:11     | Reached skill level 15 in Ranged Weapons
  7465 | Lair:1   | Entered Level 1 of the Lair of Beasts
  8154 | Lair:3   | Found the +7 Spriggan's Knife {stab, EV+4 Stlth+}
  8204 | Lair:2   | Noticed an eight-headed hydra
  8213 | Lair:2   | Killed an eight-headed hydra
  8516 | Lair:3   | Reached skill level 9 in Fighting
  8579 | Lair:4   | Found a bloodstained altar of Trog.
  8596 | Lair:4   | Found a staircase to the Slime Pits.
  8637 | Lair:4   | Identified the +0 whip of the Thieving Firefly {heavy, rN+
                  | Will+ Dex+2}
  8695 | Lair:4   | Reached skill level 6 in Hexes
  8895 | Lair:4   | Reached XP level 14. HP: 80/126 MP: 25/25
  8969 | Lair:5   | Entered Level 5 of the Lair of Beasts
  8989 | Lair:5   | Found a gate leading to a gauntlet.
  9006 | Gauntlet | Entered a Gauntlet
  9006 | Gauntlet | Found a transporter.
  9006 | Gauntlet | Found a transporter.
  9008 | Gauntlet | Found a transporter.
  9008 | Gauntlet | Found a transporter.
  9012 | Gauntlet | Found a transporter.
  9012 | Gauntlet | Found a transporter.
  9045 | Gauntlet | Found a transporter.
  9046 | Gauntlet | Found a transporter.
  9055 | Gauntlet | Found a transporter.
  9055 | Gauntlet | Identified the ring "Taitser" {rPois rN++}
  9070 | Gauntlet | Found a transporter.
  9084 | Gauntlet | Found a transporter.
  9088 | Gauntlet | Found a transporter.
  9224 | Gauntlet | Identified the +4 shortbow of Vaoloah {heavy, Dex+3}
  9224 | Gauntlet | Identified the staff of death "Cuadd" {rPois rN+ Int+2
                  | Dex-3}
  9224 | Gauntlet | Noticed a minotaur
  9246 | Gauntlet | Killed a minotaur
  9280 | Lair:5   | Noticed Urug
  9286 | Lair:5   | Killed Urug
  9304 | Lair:5   | Found a dark tunnel.
  9310 | Volcano  | Entered a volcano
  9429 | Volcano  | Reached skill level 12 in Fighting
  9438 | Volcano  | Noticed a red draconian
  9447 | Volcano  | Killed a red draconian
  9506 | Volcano  | Noticed an orb of fire
  9535 | Volcano  | Noticed an orb of fire
  9622 | Lair:5   | Noticed Sonja
  9635 | Lair:5   | Killed Sonja
  9901 | Lair:5   | Reached XP level 15. HP: 139/139 MP: 23/23
  9962 | Lair:5   | Reached skill level 15 in Fighting
 10276 | Lair:2   | Found a hole to the Spider Nest.
 10294 | Spider:1 | Entered Level 1 of the Spider Nest
 10529 | Spider:2 | Noticed an emperor scorpion
 10537 | Spider:2 | Killed an emperor scorpion
 10576 | Spider:2 | Reached skill level 9 in Evocations
 10841 | Spider:1 | Noticed Donald
 10871 | Spider:1 | Killed Donald
 10915 | Spider:2 | Noticed a ghost moth
 11007 | Spider:1 | Reached XP level 16. HP: 140/149 MP: 24/24
 11077 | Spider:2 | Noticed a ghost moth
 11087 | Spider:2 | Killed a ghost moth
 11177 | Spider:2 | Reached skill level 12 in Dodging
 11288 | Spider:2 | Killed a ghost moth
 11336 | Spider:4 | Entered Level 4 of the Spider Nest
 11399 | Spider:4 | Noticed Mlioglotl
 11416 | Spider:4 | Killed Mlioglotl
 11540 | Spider:3 | Noticed Roxanne
 11557 | Spider:3 | Killed Roxanne
 11577 | Spider:4 | Noticed Arachne
 11592 | Spider:3 | Killed Arachne
 11769 | Spider:4 | Noticed an emperor scorpion
 11785 | Spider:4 | Killed an emperor scorpion
 11826 | Spider:4 | Noticed an emperor scorpion
 11830 | Spider:4 | Reached skill level 12 in Evocations
 11850 | Spider:4 | Killed an emperor scorpion
 11863 | Spider:4 | Noticed an emperor scorpion
 11882 | Spider:4 | Killed an emperor scorpion
 11883 | Spider:4 | Reached XP level 17. HP: 87/156 MP: 1/25
 11953 | Spider:4 | Reached skill level 18 in Ranged Weapons
 12091 | Spider:4 | Got a gossamer rune of Zot
 12292 | Spider:3 | Found a runed translucent door.
 12292 | Spider:3 | Noticed zlionsfan's ghost (adept TeMo)
 12531 | Spider:1 | Glimpsed the power of Zot.
 12580 | Spider:1 | Glimpsed the power of Zot.
 12620 | Spider:1 | Glimpsed the power of Zot.
 12730 | Lair:2   | Found a staircase to the Swamp.
 12739 | Swamp:1  | Entered Level 1 of the Swamp
 12747 | Swamp:1  | Reached skill level 15 in Dodging
 12931 | Swamp:1  | Noticed a tentacled monstrosity
 12937 | Swamp:1  | Killed a tentacled monstrosity
 13083 | Swamp:2  | Found a frozen archway.
 13120 | IceCv    | Entered an ice cave
 13131 | IceCv    | Reached skill level 3 in Stealth
 13131 | IceCv    | Gained mutation: You passively map a large area around you.
                  | [Meteoran growth]
 13131 | IceCv    | Reached XP level 18. HP: 130/168 MP: 30/30
 13172 | IceCv    | Reached skill level 6 in Spellcasting
 13607 | IceCv    | Glimpsed the power of Zot.
 13655 | IceCv    | Glimpsed the power of Zot.
 13793 | Swamp:4  | Entered Level 4 of the Swamp
 13977 | Swamp:3  | Noticed a tentacled monstrosity
 13983 | Swamp:3  | Killed a tentacled monstrosity
 14262 | Swamp:4  | Reached XP level 19. HP: 181/181 MP: 36/36
 14293 | Swamp:4  | Reached skill level 6 in Stealth
 14322 | Swamp:4  | Found a runed translucent gate.
 14322 | Swamp:4  | Found a runed translucent gate.
 14323 | Swamp:4  | Found a runed translucent gate.
 14325 | Swamp:4  | Noticed browni3141's ghost (adept MeHs)
 14353 | Swamp:4  | Identified the Atlas of the Map and Grit
 14384 | Swamp:4  | Learned a level 4 spell: Leda's Liquefaction
 14500 | Swamp:4  | Identified the +0 kite shield "Bughorye" {rN+ Will+ Regen+
                  | Int-2}
 14511 | Swamp:4  | Reached skill level 3 in Earth Magic
 14544 | Swamp:4  | Got a decaying rune of Zot
 14551 | Swamp:4  | Reached skill level 18 in Dodging
 14611 | Swamp:4  | Reached skill level 9 in Hexes
 14695 | Swamp:4  | Killed browni3141's ghost
 15145 | Slime:1  | Entered Level 1 of the Pits of Slime
 15152 | Slime:1  | Gained mutation: You are occasionally teleported next to
                  | monsters. [a shining eye]
 15154 | Slime:1  | Noticed an acid blob
 15160 | Slime:1  | Killed an acid blob
 15169 | Slime:1  | Lost mutation: You are occasionally teleported next to
                  | monsters. [potion of mutation]
 15169 | Slime:1  | Gained mutation: Your natural rate of healing is unusually
                  | fast. [potion of mutation]
 15169 | Slime:1  | Gained mutation: Your flesh is cold resistant. (rC+)
                  | [potion of mutation]
 15169 | Slime:1  | Gained mutation: You possess an exceptional clarity of
                  | mind. [potion of mutation]
 15203 | Slime:5  | Entered Level 5 of the Pits of Slime
 15230 | Slime:5  | Noticed an acid blob
 15290 | Slime:5  | Reached skill level 9 in Stealth
 15305 | Slime:5  | Noticed an acid blob
 15313 | Slime:5  | Killed an acid blob
 15329 | Slime:5  | Identified the +6 spear of Coitadgh {holy, *Corrode rElec
                  | rF+}
 15331 | Slime:5  | Found a viscous altar of Jiyva.
 15331 | Slime:5  | Identified Sif Muna's Textbook on Combative Electrocution
 15332 | Slime:5  | Noticed the Royal Jelly
 15354 | Slime:5  | Noticed an acid blob
 15363 | Slime:5  | Noticed an acid blob
 15364 | Slime:5  | Killed an acid blob
 15364 | Slime:5  | Killed the Royal Jelly
 15364 | Slime:5  | Killed an acid blob
 15404 | Slime:5  | Killed an acid blob
 15422 | Slime:5  | Reached XP level 20. HP: 189/189 MP: 37/37
 15435 | Slime:5  | Learned a level 3 spell: Teleport Other
 15501 | Slime:5  | Identified the +10 plate armour of the Viny God {Str+5}
 15514 | Slime:5  | Reached skill level 12 in Stealth
 15532 | Slime:5  | Learned a level 2 spell: Blink
 15546 | Slime:5  | Got a slimy rune of Zot
 15557 | Slime:5  | Identified the ring "Geapue Tuuwo" {rPois rC- rCorr MP+9
                  | Dex+6}
 15559 | Slime:5  | Identified the Grimoire of the Eternal Fruit
 15560 | Slime:5  | Identified the +6 quarterstaff "Coywn" {heavy, rN+ Int+6}
 15585 | Slime:5  | Identified the ring "Veenu" {rN+ Str+7 Int+6 Dex-4 Stlth+}
 15644 | Slime:5  | Learned a level 6 spell: Dispersal
 16141 | D:13     | Reached skill level 6 in Translocations
 16169 | D:14     | Noticed Kirke
 16169 | D:14     | Found a corrupted altar of Lugonu.
 16192 | D:13     | Killed Kirke
 16192 | D:13     | Identified the cursed +2 helmet "I Knew You'd Do That"
                  | {Range, Comp} (You took it off Robin on level 3 of the
                  | Dungeon)
 16192 | D:13     | Identified the cursed +0 pair of gloves of the Cryptic
                  | Secrets {Comp, Fort} (You found it on level 2 of the Lair
                  | of Beasts)
 16192 | D:13     | Identified the cursed +2 pair of boots of Ashenzari's Blue
                  | Moon {Fly, Evo, Self} (You found it in a Gauntlet)
 16192 | D:13     | Identified the cursed +0 acid dragon scales "Oblivion of
                  | Ashenzari" {rCorr, Melee, Fort} (You took it off Maggie on
                  | level 7 of the Dungeon)
 16222 | D:15     | Entered Level 15 of the Dungeon
 16384 | D:15     | Found a staircase to the Depths.
 16394 | Depths:1 | Entered Level 1 of the Depths
 16394 | Depths:1 | Identified Peozemat's Writings on Remoulded Arson
 16394 | Depths:1 | Found a gateway to Hell.
 16494 | Depths:2 | Found Reklemmo's Distillery.
 16497 | Depths:2 | Bought a potion of mutation for 96 gold pieces
 16497 | Depths:2 | Bought 2 potions of haste for 240 gold pieces
 16497 | Depths:2 | Bought a potion of mutation for 96 gold pieces
 16497 | Depths:2 | Bought a potion of curing for 36 gold pieces
 16497 | Depths:2 | Bought a potion of resistance for 120 gold pieces
 16522 | Depths:2 | Reached skill level 9 in Translocations
 16594 | Depths:1 | Found a one-way gateway to a ziggurat.
 16762 | Depths:2 | Reached skill level 12 in Translocations
 16794 | Depths:1 | Reached XP level 21. HP: 81/199 MP: 31/39
 16828 | Depths:1 | Found a shimmering blue altar of Sif Muna.
 16828 | Depths:1 | Identified Sif Muna's Book of Pyromania
 16828 | Depths:1 | Identified Sif Muna's Teachings on Profane Spells
 16828 | Depths:1 | Identified Sif Muna's Octavo of the Torch
 16978 | Depths:2 | Found Zenluske's Armour Shop.
 17013 | Depths:2 | Noticed Lemeg's ghost (adept TrMo)
 17016 | Depths:2 | Found a transporter.
 17036 | Depths:2 | Learned a level 5 spell: Silence
 17042 | Depths:2 | Learned a level 5 spell: Yara's Violent Unravelling
 17050 | Depths:2 | Learned a level 7 spell: Enfeeble
 17076 | Depths:3 | Identified the +15 plate armour of Untruth {Rampage Int-2
                  | SInv}
 17092 | Depths:4 | Entered Level 4 of the Depths
 17127 | Depths:4 | Found a glowing silver altar of Zin.
 17128 | Depths:4 | Found a runed translucent door.
 17220 | Depths:4 | Found a gate to the Realm of Zot.
 17230 | Zot:1    | Entered Level 1 of the Realm of Zot
 17240 | Zot:1    | Noticed a tentacled monstrosity
 17244 | Zot:1    | Killed a tentacled monstrosity
 17354 | Zot:2    | Noticed an orb of fire
 17358 | Zot:2    | Lost mutation: Your natural rate of healing is unusually
                  | fast. [an orb of fire]
 17364 | Zot:2    | Killed from afar by an orb of fire

Illustrated notes

Levels and vault maps discovered:
D:1:      dpeg_arrival_central, layout_rooms, dilly_ecumenical_altar_fadedgnrine
D:2:      minmay_door_path, layout_basic, minmay_tall_x, uniq_jessica,
          uniq_terence
D:3:      layout_rooms, feat_on_display
D:4:      layout_cave_pools, serial_shops, nicolae_shop_pleasant_corner_grove,
          gammafunk_ghost_grave, uniq_robin, uniq_natasha, uniq_grinder
D:5:      layout_cave_pods, ashenzari_altar_1,
          mainiacjoe_overflow_surrounded_room
D:6:      layout_loops_corners, mainiacjoe_overflow_24_doors,
          nicolae_yredelemnul_ghost_church, minmay_temple_entry_water_ring,
          portal_sewer_entry_c, dk_vineyard_1, nicolae_nh_oracle_at_delphi
D:7:      layout_basic, amcnicky_altar_gilded, reono_crystal_passage,
          st_stairs_13, uniq_maggie
D:8:      layout_loops_cross
D:9:      layout_irregular_city, chequers_serial_rivers_room_b, nrook_uturn,
          grunt_ministairs_14, minmay_fractal_squares_gapless_5, uniq_maurice
D:10:     layout_big_octagon, lemuel_tele_altar, lair_entry_dummy,
          hangedman_decor_push
D:11:     layout_roguey, david_orc_3
D:12:     layout_irregular_city, grunt_livestock
D:13:     layout_gridville, erik_vaults_2, serial_demonic, serial_demonic_f,
          serial_demonic_c, serial_demonic_c, serial_demonic_d,
          minmay_alternating_orb
D:14:     kennysheep_four_of_diamonds, layout_basic, minmay_misc_feat_encased,
          chequers_serial_rivers_room_b, tgw_lugonu_bribe, uniq_louise,
          uniq_kirke
D:15:     grunt_enter_depths_snipers, layout_stronghold,
          nicolae_cairo_tiling_large, nicolae_diode_intersection, uniq_jorgrun,
          uniq_rupert
Lair:1:   layout_regular_city
Lair:2:   layout_cave_pods, palyth_hydra_swamp_entry,
          hellmonk_spider_entry_life_and_decay, chequers_serial_rivers_large_a
Lair:3:   layout_misc_corridors, serial_bayou_shore_b, serial_bayou_shore_b
Lair:4:   layout_gridlike, slime_entry_1, basic_altar,
          cheibrodos_lair_reptile_den
Lair:5:   evilmike_catoblepas_cave, layout_concentric_octagons,
          nicolae_volcano_entry_hallway, gauntlet_entry_generic, st_stairs_6,
          dreamdust_gnoll_shepherd, uniq_urug, uniq_sonja
Swamp:1:  layout_basic_swamp, evilmike_swamp_ruin_house_1, swamp_pool4
Swamp:2:  layout_basic_swamp, portal_ice_cave_entry_ice_statue_two,
          evilmike_swamp_ruin_house_5
Swamp:3:  layout_falls_marsh, nicolae_swamp_rocky_clearing, swamp_pool1,
          nicolae_swamp_triple_paths
Swamp:4:  swamp_fiery, layout_basic_swamp, gammafunk_ghost_split, swamp_pool5,
          nicolae_swamp_vermiculated
Spider:1: layout_spider_delve, hellmonk_watch_for_rolling_rocks, uniq_donald
Spider:2: nicolae_spider_jumping_over_cracks [nicolae_spider_jumping_sub_grid,
          nicolae_spider_jumping_sub_stairs, nicolae_spider_jumping_sub_rim,
          nicolae_spider_jumping_sub_shuffled], nicolae_spider_shape
Spider:3: layout_spider_delve, gammafunk_ghost_grave, uniq_roxanne
Spider:4: grunt_spider_rune_circles, uniq_mlioglotl, uniq_arachne
Slime:1:  layout_caves
Slime:2:  layout_caves, nicolae_slime_getting_an_eyeful
Slime:3:  layout_caves
Slime:4:  layout_caves
Slime:5
Orc:1:    layout_diamond_mine
Orc:2:    pf_orc_diabolical, layout_caves, basic_altar
Depths:1: minmay_rotating_shell, layout_cave_pools, enter_ziggurat_f,
          hell_entry, nicolae_sif_muna_little_library
Depths:2: kennysheep_ogre_elephant_herders, layout_basic, pan_entry,
          serial_shops, shop, nicolae_shop_behind_doors,
          nicolae_shop_tiny_glass, gammafunk_ghost_mausoleum,
          pf_hell_entry_tar_spiral, abyss_entry, moated_statue,
          infiniplex_staircase_9_rooms, firewood_loft
Depths:3: nicolae_fronds_of_death, layout_basic, minmay_misc_feat_five,
          lightli_too_deep, abyss_entry_crystal, pan_entry
Depths:4: evilmike_zot_entry_argh, layout_twisted_cross, grunt_pan_entry_spiral,
          nicolae_sextant, hell_entry, lemuel_angel_altar
Zot:1:    layout_basic, st_stairs_5, grunt_megastairs_3, uniq_josephina
Zot:2:    layout_gridlike, hangedman_zot_decor_slant

Skill      XL: |  1  2  3  4  5  6  7  8  9 10 11 12 13 14 15 16 17 18 19 20 21 |
---------------+----------------------------------------------------------------+-----
Fighting       | 2 3 4 5 6 10 14 15 | 15.5
Ranged Weapons | 3 4 5 8 9 12 14 15 16 17 18 | 18.3
Stealth        | 1 2 3 5 10 12 | 12.4
Evocations     | 2 4 7 8 9 12 13 | 13.1
Hexes          | 4 6 7 8 9 11 | 11.5
Spellcasting   | 2 3 5 8 |  8.8
Dodging        | 3 5 6 8 10 11 13 16 17 18 | 18.0
Translocations | 2 3 12 14 | 14.2
Fire Magic     | 3 |  3.0
Shields        | 1 5 |  5.0
Armour         | 1 3 5 |  5.7
Earth Magic    | 5 |  5.0

Action                     |  1- 3 |  4- 6 |  7- 9 | 10-12 | 13-15 | 16-18 | 19-21 || total
---------------------------+-------+-------+-------+-------+-------+-------+-------++-------
  Melee: Club              |       |    23 |     9 |       |       |       |       ||    32
         Unarmed           |       |       |       |       |       |       |    18 ||    18
   Fire: Sling             |    78 |   164 |   345 |   679 |   324 |       |       ||  1590
         Shortbow          |       |       |       |       |   346 |   882 |   512 ||  1740
         Longbow           |       |       |       |       |       |       |   337 ||   337
  Throw: Dart              |       |       |       |     4 |    14 |       |     1 ||    19
   Cast: Slow              |     4 |    13 |    22 |    20 |     1 |       |       ||    60
         Inner Flame       |       |     2 |    30 |    86 |    70 |    19 |     5 ||   212
         Portal Projectile |       |       |     6 |    19 |    20 |    15 |    11 ||    71
         Cause Fear        |       |       |       |    22 |    41 |    26 |    10 ||    99
         Leda's Liquefacti |       |       |       |       |       |       |     1 ||     1
         Blink             |       |       |       |       |       |       |     9 ||     9
         Dispersal         |       |       |       |       |       |       |     8 ||     8
 Invoke: Curse Item        |       |       |     3 |     5 |     3 |     2 |     2 ||    15
         Shatter the Chain |       |       |       |       |     5 |     1 |     1 ||     7
  Evoke: Wand              |       |     9 |     7 |     9 |    15 |     3 |     2 ||    45
         Box of beasts     |       |       |       |       |     2 |     2 |     1 ||     5
         Phantom mirror    |       |       |       |       |     1 |     3 |     1 ||     5
         Phial of floods   |       |       |       |       |     1 |     3 |     1 ||     5
         Lightning rod     |       |       |       |       |       |       |     3 ||     3
    Use: Scroll            |     1 |       |     4 |     1 |     3 |    10 |    16 ||    35
         Potion            |       |       |       |       |     2 |     6 |     3 ||    11
 Armour: Robe              |    13 |    50 |   145 |    37 |       |       |       ||   245
         Acid dragon scale |       |       |       |    76 |   163 |   201 |   153 ||   593
  Dodge: Dodged            |    30 |   105 |   161 |   192 |   355 |   621 |   640 ||  2104
  Block: Buckler           |       |       |    62 |   114 |   103 |       |       ||   279
         Reflection        |       |       |       |       |     2 |       |       ||     2
